 Dungeon Crawl Stone Soup version 0.22-a0-388-g09e6169 (webtiles) character file.

232 sankara the Grave Robber (level 6, -8/45 HPs)
             Began as a Ghoul Necromancer on Apr 29, 2018.
             Mangled by a scorpion (10 damage)
             ... on level 3 of the Dungeon.
             The game lasted 00:11:21 (2986 turns).

sankara the Grave Robber (Ghoul Necromancer)        Turns: 2986, Time: 00:11:22

Health: -8/45      AC:  3    Str: 12    XL:     6   Next: 4%
Magic:  11/19      EV: 11    Int: 10    God:
Gold:   136        SH:  0    Dex:  9    Spells: 7/12 levels left

rFire    . . .     SeeInvis .   a - +0 dagger
rCold    + . .     Gourm    .   (no shield)
rNeg     + + +     Faith    .   d - +0 robe
rPois    ∞         Spirit   .   (no helmet)
rElec    .         Reflect  .   h - scarf {repulsion}
rCorr    .         Harm     .   (no gloves)
MR       .....                  g - +0 pair of boots
Stlth    +.........             (no amulet)
HPRegen  0.00/turn              j - ring of magical power {MP+9}
MPRegen  0.16/turn              B - -2 ring of intelligence (curse)

@: very slightly contaminated, rotting, heavily drained, repel missiles
A: rotting body, claws 1, carnivore, cold resistance 1, negative energy
resistance 3, inhibited regeneration, torment resistance, unbreathing
a: no special abilities


You were on level 3 of the Dungeon.
You were not hungry.

You visited 1 branch of the dungeon, and saw 3 of its levels.
You also visited: Sewer.

You collected 136 gold pieces.

Inventory:

Hand Weapons
 a - a +0 dagger (weapon)
   (You took it off a goblin on level 1 of the Dungeon)
 w - a +0 blowgun
   (You took it off a kobold in a sewer)
Missiles
 e - 136 stones (quivered)
 r - 23 sling bullets
 x - 18 poisoned needles
Armour
 d - a +0 robe (worn)
 g - a +0 pair of boots (worn)
   (You found it on level 1 of the Dungeon)
 h - a scarf of repulsion (worn)
   (You found it on level 2 of the Dungeon)
Jewellery
 j - a ring of magical power (left claw) {MP+9}
   (You found it on level 1 of the Dungeon)
 q - an uncursed ring of protection from fire {rF+, !d}
   (You found it on level 2 of the Dungeon)
 B - a cursed -2 ring of intelligence (right claw)
   (You found it on level 3 of the Dungeon)
Scrolls
 b - a scroll of enchant weapon {unknown}
 i - a scroll of identify {unknown}
 l - 2 scrolls of fear {unknown}
 m - 2 scrolls of remove curse {unknown}
 y - a scroll of teleportation {unknown}
 z - a scroll of blinking {!r}
Potions
 f - 2 potions of cancellation {unknown}
 k - a potion of curing {unknown}
 n - a potion of invisibility {unknown}
 o - a potion of flight {unknown}
 p - 3 potions of magic {unknown}
 t - a potion of heal wounds {unknown}
 u - a potion of degeneration {unknown}
 v - 2 potions of haste {unknown}
 A - a potion of might {unknown}
Comestibles
 c - 6 rations
 s - 2 chunks of flesh {@w0}


   Skills:
 - Level 1.7(0.2) Dodging
 - Level 2.1(0.6) Stealth
 + Level 3.8(2.1) Spellcasting
 + Level 5.7(4.0) Necromancy


You had 7 spell levels left.
You knew the following spells:

 Your Spells              Type           Power        Failure   Level  Hunger
a - Pain                  Necr           #...         6%          1    ##.....
b - Vampiric Draining     Necr           #.........   19%         3    ####...
c - Animate Skeleton      Necr           N/A          6%          1    ##.....


Dungeon Overview and Level Annotations

Branches:
Dungeon (3/15)

Altars:
Sif Muna
Trog
Yredelemnul
The Shining One


Innate Abilities, Weirdness & Mutations

Your body is rotting away.
You thrive on raw meat.
You are immune to poison.
You have sharp fingernails.
You are carnivorous and can eat meat at any time.
Your flesh is cold resistant. (rC+)
You are immune to negative energy. (rN+++)
You do not regenerate when monsters are visible.
You are immune to unholy pain and torment.
You can survive without breathing.


Message History

B - a cursed -2 ring of intelligence (right claw) Blink to where?
Press: ? - help, Dir - move target cursor You are very lightly contaminated with residual magic.
As you read the scroll labeled ASOMAENAUMM, it crumbles to dust.
It was a scroll of blinking.
A bat, a worm and a scorpion come into view.
Casting: Animate Skeleton (safe; 6% risk of failure)
Confirm with . or Enter, or press ? or * to list all spells.
Aiming: Pain (safe; 6% risk of failure)
Press: ? - help, Shift-Dir - straight line, f - worm
Aim: a worm (resting, chance to defeat MR: 68%)
Okay, then.
Casting: Pain (safe; 6% risk of failure)
Confirm with . or Enter, or press ? or * to list all spells.
Aiming: Pain (safe; 6% risk of failure)
Press: ? - help, Shift-Dir - straight line, f - scorpion
Aim: a scorpion (chance to defeat MR: 60%)
The scorpion resists with significant effort.
The bat hits you.
Your kobold skeleton closely misses the scorpion.
The scorpion barely misses you.
Casting: Pain (safe; 6% risk of failure)
Confirm with . or Enter, or press ? or * to list all spells.
Aiming: Pain (safe; 6% risk of failure)
Press: ? - help, Shift-Dir - straight line, f/p - scorpion
Aim: a scorpion (chance to defeat MR: 60%)
The scorpion writhes in agony!
The bat hits you but does no damage.
Your kobold skeleton barely misses the scorpion.
The scorpion stings you.
Casting: Pain (safe; 6% risk of failure)
Confirm with . or Enter, or press ? or * to list all spells.
Aiming: Pain (safe; 6% risk of failure)
Press: ? - help, Shift-Dir - straight line, f/p - scorpion
Aim: a scorpion (lightly wounded, chance to defeat MR: 60%)
The scorpion writhes in agony!
The bat hits you but does no damage. x2
The scorpion stings you!
Your kobold skeleton hits the scorpion but does no damage.
Casting: Pain (safe; 6% risk of failure)
Confirm with . or Enter, or press ? or * to list all spells.
Aiming: Pain (safe; 6% risk of failure)
Press: ? - help, Shift-Dir - straight line, f/p - scorpion
Aim: a scorpion (moderately wounded, chance to defeat MR: 60%)
The scorpion writhes in agony!
The bat barely misses you. The scorpion barely misses you.
Casting: Pain (safe; 6% risk of failure)
Confirm with . or Enter, or press ? or * to list all spells.
Aiming: Pain (safe; 6% risk of failure)
Press: ? - help, Shift-Dir - straight line, f/p - scorpion
Aim: a scorpion (moderately wounded, chance to defeat MR: 60%)
The scorpion resists with significant effort.
The bat barely misses you.
Your kobold skeleton barely misses the scorpion.
The scorpion barely misses you.
Casting: Pain (safe; 6% risk of failure)
Confirm with . or Enter, or press ? or * to list all spells.
Aiming: Pain (safe; 6% risk of failure)
Press: ? - help, Shift-Dir - straight line, f/p - scorpion
Aim: a scorpion (moderately wounded, chance to defeat MR: 60%)
The scorpion resists with significant effort.
The bat hits you but does no damage.
Your kobold skeleton hits the scorpion but does no damage.
The scorpion closely misses your kobold skeleton.
Casting: Pain (safe; 6% risk of failure)
Confirm with . or Enter, or press ? or * to list all spells.
Aiming: Pain (safe; 6% risk of failure)
Press: ? - help, Shift-Dir - straight line, f/p - scorpion
Aim: a scorpion (moderately wounded, chance to defeat MR: 60%)
The scorpion writhes in agony!
The bat hits you but does no damage.
Your kobold skeleton hits the scorpion.
The worm bites you. The scorpion stings you.
Casting: Pain (safe; 6% risk of failure)
Confirm with . or Enter, or press ? or * to list all spells.
Aiming: Pain (safe; 6% risk of failure)
Press: ? - help, Shift-Dir - straight line, f/p - scorpion
Aim: a scorpion (severely wounded, chance to defeat MR: 60%)
The scorpion resists with significant effort.
The bat misses you.
Your kobold skeleton hits the scorpion but does no damage.
The scorpion stings you!
* * * LOW HITPOINT WARNING * * *
The bat misses you.
The scorpion stings something.
The bat barely misses you.
Casting: Pain (safe; 6% risk of failure)
Confirm with . or Enter, or press ? or * to list all spells.
Aiming: Pain (safe; 6% risk of failure)
Press: ? - help, Shift-Dir - straight line, f/p - scorpion
Aim: a scorpion (severely wounded, chance to defeat MR: 60%)
The scorpion writhes in agony!
The bat closely misses you.
Your kobold skeleton hits the bat.
The scorpion stings you!
* * * LOW HITPOINT WARNING * * *
Casting: Pain (safe; 6% risk of failure)
Confirm with . or Enter, or press ? or * to list all spells.
Aiming: Pain (safe; 6% risk of failure)
Press: ? - help, Shift-Dir - straight line, f/p - scorpion
Aim: a scorpion (almost dead, chance to defeat MR: 60%)
You miscast Pain.
Strange energies run through your body. The bat hits you.
* * * LOW HITPOINT WARNING * * *
The scorpion stings you!
You die...

##.#.≈≈.....≈≈≈.#.....#
##.#.##≈≈.≈≈##..#.....#
.....##≈≈.≈≈##).#.....#
.#.#..................#
..........####........#
...######.# #....?...#
.### ##..## #...w....#
.# #....###..#s##### .#
#.........@.# .#
#.......##.Z###
#.............#
........##....b..#
#......####......[#
#..............>..#
#.......###.......#
.....##. #.......#
..... #..#######


You could see a worm, a scorpion, a bat and a friendly kobold skeleton.

Vanquished Creatures
  A big kobold (Sewer)
  Jessica (D:2)
  2 adders
  A river rat (Sewer)
  3 oozes
  5 worms
  2 dart slugs
  A leopard gecko (D:2)
  3 ball pythons
  12 bats
  A giant cockroach (D:1)
  10 goblins
  6 hobgoblins
  A quokka (D:3)
  2 frilled lizards
  11 kobolds
  8 rats
70 creatures vanquished.

Vanquished Creatures (collateral kills)
  An adder (D:3)
  An ooze (Sewer)
  A ball python (D:3)
  A goblin (D:3)
  A hobgoblin (D:1)
  3 kobolds (Sewer)
  A quokka (D:3)
  4 bats
  2 frilled lizards
  A rat (D:1)
16 creatures vanquished.

Grand Total: 86 creatures vanquished

Notes
Turn   | Place    | Note
-------+----------+-------------------------------------------
     0 | D:1      | sankara the Ghoul Necromancer began the quest for the Orb.
     0 | D:1      | Reached XP level 1. HP: 14/14 MP: 2/2
    45 | D:1      | Learned a level 1 spell: Animate Skeleton
    92 | D:1      | Reached skill level 2 in Spellcasting
   126 | D:1      | Reached XP level 2. HP: 18/20 MP: 2/4
   864 | D:1      | Reached XP level 3. HP: 10/26 MP: 5/5
   876 | D:1      | Learned a level 3 spell: Vampiric Draining
  1465 | D:2      | Found a basalt altar of Yredelemnul.
  1465 | D:2      | Noticed Jessica
  1467 | D:2      | Noticed a profane servitor
  1472 | D:2      | Killed Jessica
  1472 | D:2      | Reached XP level 4. HP: 26/33 MP: 7/7
  1684 | D:2      | Found a glowing golden altar of the Shining One.
  1709 | D:2      | Found a deep blue altar of Sif Muna.
  1797 | D:2      | Reached skill level 3 in Spellcasting
  1895 | D:2      | Found a bloodstained altar of Trog.
  1947 | D:2      | Reached skill level 5 in Necromancy
  2194 | D:3      | Reached XP level 5. HP: 38/38 MP: 8/8
  2215 | D:3      | Found a glowing drain.
  2256 | Sewer    | Entered a sewer
  2503 | Sewer    | Noticed a big kobold
  2525 | Sewer    | Killed a big kobold
  2640 | Sewer    | Reached XP level 6. HP: 13/45 MP: 10/10
  2985 | D:3      | HP: 3/45 [scorpion (10)]
  2986 | D:3      | Mangled by a scorpion

Vault maps used:
D:1:      dpeg_arrival_tiny_b
D:2:      grunt_temple_overflow_holy_war, lemuel_coloured_pillars_altar,
          old_standard_altar, uniq_jessica
D:3:      cheibrodos_sewer_entry_sluice
Sewer:    sewer_co_15_rooms

Skill      XL: |  1  2  3  4 |
---------------+-------------+-----
Spellcasting   | 2 3 |  3.8
Necromancy     | 5 |  5.7
Dodging        | |  1.7
Stealth        | |  2.1

Action                   |  1- 3 |  4- 6 || total
-------------------------+-------+-------++-------
Melee: Unarmed           |    15 |       ||    15
       Dagger            |   123 |   168 ||   291
 Cast: Pain              |    12 |    84 ||    96
       Animate Skeleton  |    15 |    16 ||    31
  Use: Scroll            |       |     1 ||     1
 Stab: Sleeping          |     4 |     1 ||     5
       Distracted        |     1 |       ||     1
  Eat: Chunk             |    17 |    32 ||    49
Armor: Robe              |    41 |    38 ||    79
Dodge: Dodged            |   113 |   126 ||   239
       Deflected         |       |     2 ||     2

Table legend:
 A = Spawn XP
 B = Non-spawn XP
 C = Spawn XP percentage of total XP
 D = Spawn monster count
 E = Non-spawn monster count
 F = Spawn count percentage of total count
 G = Total turns spent on level
                    A         B        C        D         E        F      G
               +---------+---------+-------+---------+---------+-------+---------
         Total |       0 |     332 |   0.0 |       0 |      86 |   0.0 |  2986
               +---------+---------+-------+---------+---------+-------+---------
           D:1 |       0 |      55 |   0.0 |       0 |      31 |   0.0 |  1334
           D:2 |       0 |      67 |   0.0 |       0 |      14 |   0.0 |   726
           D:3 |       0 |      66 |   0.0 |       0 |      24 |   0.0 |   456
         Sewer |       0 |     144 |   0.0 |       0 |      17 |   0.0 |   470
               +---------+---------+-------+---------+---------+-------+---------

Vault maps used:
D:1:      dpeg_arrival_tiny_b
D:2:      grunt_temple_overflow_holy_war, lemuel_coloured_pillars_altar,
          old_standard_altar, uniq_jessica
D:3:      cheibrodos_sewer_entry_sluice
Sewer:    sewer_co_15_rooms

Table legend:
 A = Turns spent in this place as a percentage of turns spent in the entire game.
 B = Non-inter-level travel turns spent in this place as a percentage of non-inter-level travel turns spent in the entire game.
 C = Inter-level travel turns spent in this place as a percentage of turns spent in this place.
 D = Turns resting spent in this place as a percentage of non-inter-level travel turns spent in this place.
 E = Turns spent auto-exploring this place as a percentage of non-inter-level travel turns spent in this place.
 F = Non-inter-level travel turns spent in this place divided by the number of levels of this place that you've seen.
                   A       B       C       D       E      F
               +-------+-------+-------+-------+-------+----------------------
         Total | 100.0 | 100.0 |   1.2 |  17.0 |  50.4 | 737.5
       Dungeon |  84.3 |  84.1 |   1.4 |  17.3 |  54.0 | 826.7
         Sewer |  15.7 |  15.9 |   0.0 |  15.3 |  31.5 | 470.0
               +-------+-------+-------+-------+-------+----------------------

Table legend:
 A = Kills in this place as a percentage of kills in entire the game.
 B = Kills by you in this place as a percentage of kills by you in the entire game.
 C = Kills by friends in this place as a percentage of kills by friends in the entire game.
 D = Other kills in this place as a percentage of other kills in the entire game.
 E = Experience gained in this place as a percentage of experience gained in the entire game.
 F = Experience gained in this place divided by the number of levels of this place that you have seen.
                   A       B       C       D       E      F
               +-------+-------+-------+-------+-------+----------------------
         Total | 100.0 | 100.0 | 100.0 |   N/A | 100.0 |  83.0
       Dungeon |  80.2 |  81.4 |  75.0 |   N/A |  56.6 |  62.7
         Sewer |  19.8 |  18.6 |  25.0 |   N/A |  43.4 | 144.0
               +-------+-------+-------+-------+-------+----------------------
